 Dungeon Crawl Stone Soup version 0.21-a0-264-g3e31e41 (webtiles) character file.

45 JackS81 the Changer (level 3, -1/26 HPs)
             Began as a Merfolk Transmuter on Sept 9, 2017.
             Slain by a worm (16 damage)
             ... on level 2 of the Dungeon.
             The game lasted 00:05:22 (1557 turns).

JackS81 the Changer (Merfolk Transmuter)            Turns: 1557, Time: 00:05:22

Health: -1/26      AC:  2    Str: 10    XL:     3   Next: 64%
Magic:  2/6        EV: 21    Int: 13    God:
Gold:   114        SH:  0    Dex: 19    Spells: 2/6 levels left

rFire    . . .     SeeInvis .     - Unarmed
rCold    . . .     Gourm    .   (shield currently unavailable)
rNeg     + . .     Faith    .   (armour currently unavailable)
rPois    x         Spirit   .   (helmet currently unavailable)
rElec    .         Reflect  .   (cloak currently unavailable)
rCorr    .         Harm     .   (gloves currently unavailable)
MR       .....                  (boots currently unavailable)
Stlth    ++........             (no amulet)
HPRegen  0.08/turn              o - ring of positive energy
MPRegen  0.10/turn              (no ring)

@: spider-form
A: (change form in water), (swift swim), (stealthy swim)
a: End Transformation


You were on level 2 of the Dungeon.
You were hungry.
You were a venomous arachnid creature.
You visited 1 branch of the dungeon, and saw 2 of its levels.

You collected 114 gold pieces.

Inventory:

Hand Weapons
 m - a cursed -3 quarterstaff
Missiles
 a - 31 arrows
 e - 66 stones
 h - 6 javelins (quivered)
Armour
 b - a +0 robe (melded)
Jewellery
 o - a ring of positive energy (left front leg)
Scrolls
 f - 2 scrolls of remove curse {unknown}
 g - 2 scrolls of immolation {unknown}
 i - a scroll of noise {unknown}
 k - a scroll of teleportation {unknown}
Potions
 l - a potion of magic {unknown}
Books
 c - a book of Changes

   Spells                             Type                      Level
   a - Beastly Appendage              Transmutation                1
   b - Sticks to Snakes               Transmutation                2
   c - Spider Form                    Transmutation/Poison         3
   d - Ice Form                       Ice/Transmutation            4
   e - Blade Hands                    Transmutation                5
Comestibles
 d - a bread ration
 j - a meat ration
 n - 2 chunks of flesh


   Skills:
 - Level 1.1 Fighting
 - Level 2.6 Dodging
 - Level 3.2 Unarmed Combat
 - Level 2.0 Spellcasting
 * Level 5.2 Transmutations


You had 2 spell levels left.
You knew the following spells:

 Your Spells              Type           Power        Failure   Level  Hunger
a - Beastly Appendage     Tmut           ##....       11%         1    ##.....
b - Spider Form           Tmut/Pois      #.........   47%         3    ####...


Dungeon Overview and Level Annotations

Branches:
Dungeon (2/15)

Altars:
Trog


Message History

Your transformation has ended.
Your +0 robe unmelds from your body.
The worm misses you.
There is an open door, spattered with blood here.
Things that are here:
a rat corpse x3
Casting: Spider Form
Confirm with . or Enter, or press ? or * to list all spells.
You turn into a venomous arachnid creature.
Your +0 robe melds into your body.
The worm bites you!
You hit the worm.
The worm looks even sicker.
The worm is heavily wounded.
You hit the worm.
The worm is almost dead.
The worm completely misses you. The worm completely misses you.
You hit the worm.
The worm is severely wounded.
The worm bites you!
Ouch! That really hurt!
You die...

###### ##....###
##.......##
#.........#
#....#....##
####...###..).#
#..†...#y#._..#
#w##...###..).#
#.##s##....#....#
##.....#........)#
.......#.##......)##
#####.....##....###
#...##..######
###......#.#
##....##..#.#
#....###....###
#..#.....#....#


You could see a worm (berserk).

Vanquished Creatures
  An adder (D:2)
  2 dart slugs (D:1)
  A giant cockroach (D:1)
  5 goblins
  3 hobgoblins (D:1)
  A ball python (D:1)
  3 bats (D:1)
  4 frilled lizards
  5 kobolds (D:1)
  7 rats
32 creatures vanquished.

Notes
Turn   | Place    | Note
-------+----------+-------------------------------------------
     0 | D:1      | JackS81 the Merfolk Transmuter began the quest for the Orb.
     0 | D:1      | Reached XP level 1. HP: 15/15 MP: 3/3
    34 | D:1      | Reached skill level 3 in Transmutations
   106 | D:1      | Reached XP level 2. HP: 14/21 MP: 3/5
   455 | D:1      | Reached skill level 4 in Transmutations
   814 | D:1      | Reached XP level 3. HP: 23/26 MP: 4/6
  1266 | D:2      | Reached skill level 5 in Transmutations
  1287 | D:2      | Learned a level 3 spell: Spider Form
  1521 | D:2      | Noticed a moth of wrath
  1523 | D:2      | Found a bloodstained altar of Trog.
  1557 | D:2      | Slain by a worm

Vault maps used:
D:1:      tarquinn_simple_flora_water_f, minmay_tromino_i2
D:2:      tgw_trog, minmay_misc_feat_diagonals

Skill      XL: |  1  2  3 |
---------------+----------+-----
Transmutations | 3 4 5 |  5.2
Fighting       | |  1.1
Dodging        | |  2.6
Unarmed Combat | |  3.2
Spellcasting   | |  2.0

Action                   || total
-------------------------++-------
Melee: Unarmed           ||    88
       Headbutt          ||    11
Throw: Javelin           ||    16
       Stone             ||     2
 Cast: Beastly Appendage ||    17
       Spider Form       ||     2
  Eat: Chunk             ||     2
Armor: Robe              ||     8
Dodge: Dodged            ||    59

Table legend:
 A = Spawn XP
 B = Non-spawn XP
 C = Spawn XP percentage of total XP
 D = Spawn monster count
 E = Non-spawn monster count
 F = Spawn count percentage of total count
 G = Total turns spent on level
                    A         B        C        D         E        F      G
               +---------+---------+-------+---------+---------+-------+---------
         Total |       0 |      65 |   0.0 |       0 |      32 |   0.0 |  1557
               +---------+---------+-------+---------+---------+-------+---------
           D:1 |       0 |      42 |   0.0 |       0 |      23 |   0.0 |  1249
           D:2 |       0 |      23 |   0.0 |       0 |       9 |   0.0 |   308
               +---------+---------+-------+---------+---------+-------+---------
